 Dungeon Crawl Stone Soup version 0.21-a0-529-g8c7b3f5 (webtiles) character file.

135747 DemonicMitch the Fencer (level 16, -5/124 HPs)
             Began as a Demonspawn Berserker on Dec 11, 2017.
             Was a High Priest of Trog.
             Slain by a thorn hunter (16 damage)
             ... on level 3 of the Swamp.
             The game lasted 01:15:29 (27786 turns).

DemonicMitch the Fencer (Demonspawn Berserker)     Turns: 27786, Time: 01:15:29

Health: -5/124     AC: 17    Str: 23      XL:     16   Next: 65%
Magic:  18/18      EV: 20    Int:  8 (9)  God:    Trog [*****.]
Gold:   1604       SH:  0    Dex: 24      Spells: 15/15 levels left

rFire    . . .     SeeInvis .   a - +9 triple sword (flame)
rCold    . . .     Gourm    .   (shield currently unavailable)
rNeg     . . .     Faith    .   d - +0 swamp dragon scales
rPois    +         Spirit   .   (helmet restricted)
rElec    .         Reflect  .   A - +0 cloak
rCorr    .         Harm     .   e - +2 pair of gloves
MR       +....                  f - +1 pair of boots
Stlth    ++........             H - amulet of regeneration
HPRegen  0.70/turn              S - +6 ring of dexterity
MPRegen  0.16/turn              Q - +4 ring of strength

@: drained, very slow
A: antennae 1, powered by death 2, spiny 3, sturdy frame 1
a: Berserk, Trog's Hand, Brothers in Arms, Burn Spellbooks, Renounce Religion


You were on level 3 of the Swamp.
You worshipped Trog.
Trog was extremely pleased with you.
You were hungry.

You visited 4 branches of the dungeon, and saw 26 of its levels.
You also visited: Labyrinth and Ice Cave.

You collected 2293 gold pieces.
You spent 689 gold pieces at shops.

Inventory:

Hand Weapons
 a - a +9 triple sword of flaming (weapon)
 b - a +8 arbalest
 X - a +2 triple crossbow of freezing
Missiles
 G - 174 bolts
Armour
 d - +0 swamp dragon scales (worn)
 e - a +2 pair of gloves (worn)
 f - a +1 pair of boots (worn)
 n - a +4 scale mail of magic resistance
 A - a +0 cloak (worn)
Jewellery
 H - an amulet of regeneration (around neck)
 I - the ring of the Mage {Wiz MR++ Int+3}
   (You found it on level 3 of the Lair of Beasts)

   [ring of wizardry]

   It improves your spell success rate.
   It affects your intelligence (+3).
   It affects your resistance to hostile enchantments.
 Q - a +4 ring of strength (right hand)
 S - a +6 ring of dexterity (left hand)
Wands
 k - a wand of acid (15)
 F - a wand of enslavement (11)
 J - a wand of digging (22)
 L - a wand of iceblast (16)
 P - a wand of scattershot (4)
 T - a wand of paralysis (42)
 V - a wand of flame (136)
 Y - a wand of polymorph (27)
Scrolls
 j - 14 scrolls of remove curse
 l - 5 scrolls of fog
 o - 4 scrolls of immolation
 q - 3 scrolls of magic mapping
 s - 3 scrolls of blinking
 w - 9 scrolls of identify
 y - 2 scrolls of holy word
 D - 9 scrolls of teleportation
 E - 4 scrolls of fear
Potions
 g - a potion of invisibility
 i - a potion of ambrosia
 m - 10 potions of curing
 t - 4 potions of lignification
 u - 3 potions of brilliance
 v - 3 potions of heal wounds
 x - 2 potions of mutation
 B - a potion of cancellation
 C - 2 potions of resistance
 K - 2 potions of agility
 M - 3 potions of magic
 N - 2 potions of might
 R - 3 potions of flight
 U - 4 potions of haste
Miscellaneous
 r - a fan of gales
 Z - a box of beasts
Comestibles
 c - 17 bread rations
 h - 10 meat rations
 z - 25 fruits


   Skills:
 + Level 10.8(10.5) Fighting
 * Level 19.9(19.6) Long Blades
 - Level 3.5(3.2) Crossbows
 + Level 9.7(9.4) Armour
 + Level 9.7(9.4) Dodging
 + Level 8.2(7.9) Stealth
 - Level 2.7(2.4) Evocations


You had 15 spell levels left.
You didn't know any spells.

Dungeon Overview and Level Annotations

Branches:
Dungeon (15/15)            Temple (0/1) D:4            Lair (6/6) D:8
  Swamp (3/4) Lair:3        Snake (0/4) Lair:2        Slime (0/5) Lair:6
    Orc (2/2) D:11            Elf (0/3) Orc:2        Vaults (0/5) D:14
 Depths (0/5) D:15

Altars:
Ashenzari
Cheibriados
Dithmenos
Fedhas
Hepliaklqana
Kikubaaqudgha
Nemelex Xobeh
Okawaru
Qazlal
Ru
Uskayaw
Vehumet
Xom
Yredelemnul
The Shining One

Shops:
D:5 *   D:6 *   D:14 =   D:15 %   Orc:2 %!}[

Portals:
Pandemonium: Orc:2

Annotations:
Lair:2 2 transporters
Lair:5 exclusion: oklob plant
Swamp:2 exclusion: Roxanne, Roxanne


Innate Abilities, Weirdness & Mutations

You have a pair of small antennae on your head.
You regenerate health from kills.
You are completely covered in sharp spines.
Your movements are slightly less encumbered by armour. (ER -2)


Message History

The thorn hunter hits you! x2
You slice the thorn hunter!! You burn the thorn hunter.
The thorn hunter is heavily damaged.
The thorn hunter hits you but does no damage.
The thorn hunter barely misses you.
A slime creature comes into view.
You barely miss the thorn hunter.
The thorn hunter is heavily damaged.
The thorn hunter is struck by your spines.
The thorn hunter hits you! The thorn hunter hits you.
* * * LOW HITPOINT WARNING * * *
The slime creature quivers.
You slice the thorn hunter!! You burn the thorn hunter!!
The thorn hunter is almost destroyed.
The alligator bites you!!
* * * LOW HITPOINT WARNING * * *
The alligator closely misses you. The thorn hunter hits you.
* * * LOW HITPOINT WARNING * * *
The thorn hunter hits you!
You die...

.... ♣♣..≈♣♣≈♣♣.≈≈.♣..≈
≈≈..≈.♣♣....♣..≈♣.≈≈.♣≈≈≈
≈≈≈≈..≈♣≈≈≈≈♣...≈♣ ♣≈≈
≈≈≈≈♣≈.≈≈≈≈≈♣≈...♣ ♣≈≈
≈≈.≈.≈.♣≈≈♣.P≈..♣♣♣ ♣≈≈
§§≈≈.§.♣♣≈.PP≈....♣♣ ♣≈.
♣>...≈..PP≈.≈≈≈.♣♣♣♣.
♣♣≈≈.....PP≈.≈≈≈...♣♣♣
♣..f@♣§≈≈.....[≈§.≈≈.≈
♣.≈≈.t♣♣...≈.≈†≈≈.♣≈≈≈≈
♣≈J..J♣♣♣♣≈....♣..♣♣.≈..
♣..J♣♣. ♣§.♣≈♣♣♣♣♣♣♣..♣
.≈≈ ≈≈ ♣♣..≈≈≈ ♣≈≈.≈♣♣ .§
≈≈≈ ♣≈..≈≈≈ ♣≈.≈.♣ ≈ J≈≈
♣....≈≈≈≈♣♣♣♣♣ .§≈≈
≈..≈.♣.≈≈≈ J≈≈... .≈


You could see a thorn hunter, an alligator and 4 slime creatures.

Vanquished Creatures
  Rupert (D:15)
  3 thorn hunters (Swamp:2)
  Louise (Swamp:2)
  A very ugly thing (Swamp:1)
  Nessos (Lair:5)
  A minotaur (Lab)
  An ettin (D:12)
  Harold (Lair:1)
  10 hydras
  Fannar (Lair:1)
  A vault guard (D:14)
  Erica (Lair:1)
  A ghost crab (Swamp:3)
  A catoblepas (Lair:6)
  2 centaur warriors
  6 two-headed ogres
  2 alligators
  8 orc high priests (Orc:2)
  17 death yaks
  Nergalle (Lair:2)
  A skeletal warrior (D:12)
  4 orange crystal statues (Orc:2)
  An unseen horror (shapeshifter) (D:15)
  An infernal demonspawn (Orc:2)
  An unseen horror (D:10)
  3 shambling mangroves (Swamp:2)
  2 torturous demonspawn (Orc:2)
  3 wizards (D:14)
  3 swamp dragons
  2 necromancers
  2 manticores
  6 cyclopes
  3 orc knights
  13 ugly things
  A deep elf mage (D:11)
  3 orc sorcerers (Orc:2)
  An oklob plant (Swamp:2)
  A manticore (shapeshifter) (D:15)
  4 elephants (Lair:6)
  A rust devil (Orc:2)
  A smoke demon (Orc:2)
  5 black mambas
  5 centaur skeletons
  A centaur zombie (D:14)
  2 gargoyles
  16 spiny frogs
  A torpor snail (Lair:3)
  2 ice statues (IceCv)
  4 komodo dragons
  A yaktaur (D:14)
  A redback zombie (D:15)
  2 rime drakes
  11 ice devils (IceCv)
  A hellwing (Orc:2)
  6 trolls
  5 tyrant leeches
  3 polar bears (Lair:6)
  12 hornets
  8 blink frogs (Lair:5)
  19 slime creatures
  12 hippogriffs
  8 bog bodies
  2 dream sheep (Lair:3)
  Sigmund (D:4)
  An air elemental (D:13)
  2 vampires
  6 spriggans
  2 shadows
  A tarantella (shapeshifter) (D:15)
  A yak (shapeshifter) (D:15)
  3 water elementals
  A wraith (D:13)
  5 wyverns
  38 yaks
  20 humans
  A neqoxec (Orc:2)
  A basilisk (Lair:4)
  A fire elemental (D:13)
  6 hungry ghosts
  3 steam dragons
  29 vampire mosquitoes
  3 nagas (Lair:2)
  A soldier ant (D:11)
  5 swamp worms
  11 water moccasins
  12 porcupines
  8 swamp drakes
  4 ice beasts
  2 necrophages
  33 orc warriors
  2 phantoms
  5 sky beasts
  10 ogres
  A black bear (D:11)
  3 eyes of draining
  20 wolves
  9 boggarts
  10 centaurs
  17 crocodiles
  A big kobold (D:13)
  18 bullfrogs
  An earth elemental (D:13)
  2 wyvern skeletons
  5 scorpions
  4 killer bees (D:9)
  An oklob sapling (Swamp:2)
  8 wights
  8 electric eels
  A howler monkey (D:7)
  2 bullfrog zombies
  9 crimson imps
  28 orc priests
  6 hounds
  6 jellies
  4 bullfrog skeletons
  A gnoll shaman (D:4)
  27 orc wizards
  Terence (D:2)
  5 hell rats (Lair:5)
  5 iguanas
  6 worker ants
  4 yak simulacra (D:12)
  3 polar bear simulacra (D:12)
  3 wolf simulacra
  A worker ant zombie (D:5)
  7 adders
  5 gnolls (D:4)
  2 shadow imps
  21 white imps
  4 ufetubi (IceCv)
  3 oozes (Lair:6)
  An adder zombie (D:5)
  2 worms
  A dart slug (D:1)
  6 leopard geckos
  77 orcs
  3 bats
  2 giant cockroaches
  9 goblins
  12 hobgoblins
  9 jackals
  2 quokkas (D:11)
  2 ball pythons (D:3)
  3 frilled lizards
  9 kobolds
  A leopard gecko zombie (D:6)
  2 quokka skeletons
  3 rats
  A river rat simulacrum (D:12)
  3 briar patches (Swamp:2)
  A fungus (Swamp:2)
  A plant (Swamp:2)
875 creatures vanquished.

Vanquished Creatures (collateral kills)
  A dire elephant (Lair:6)
  A deep troll shaman (Lair:6)
  Urug (Lair:2)
  2 orc knights (Orc:2)
  A cyclops (D:15)
  A ynoxinul (Orc:2)
  An orc (Orc:2)
8 creatures vanquished.

Vanquished Creatures (others)
  A reaper (IceCv)
  A water elemental (D:12)
  4 white imps (IceCv)
  2 ufetubi (IceCv)
  A ball lightning (Swamp:3)
  An orc (D:11)
  3 briar patches (Swamp:2)
  9 fungi
  8 plants
30 creatures vanquished.

Grand Total: 913 creatures vanquished

Notes
Turn   | Place    | Note
-------+----------+-------------------------------------------
     0 | D:1      | DemonicMitch the Demonspawn Berserker began the quest for the Orb.
     0 | D:1      | Reached XP level 1. HP: 18/18 MP: 1/1
   113 | D:1      | Reached skill level 3 in Long Blades
   274 | D:1      | Gained mutation: You regenerate a little health from kills. [demonic ancestry]
   274 | D:1      | Reached XP level 2. HP: 24/24 MP: 2/2
   455 | D:1      | You fall through a shaft!
   509 | D:2      | Noticed Terence
   523 | D:2      | Killed Terence
   523 | D:2      | Reached skill level 4 in Long Blades
   523 | D:2      | Reached XP level 3. HP: 29/29 MP: 3/3
   601 | D:2      | Found a radiant altar of Vehumet.
   683 | D:2      | Found a sparkling altar of Nemelex Xobeh.
   816 | D:2      | Reached XP level 4. HP: 35/35 MP: 4/4
  1122 | D:3      | Reached ** piety under Trog
  1496 | D:3      | Found a sacrificial altar of Ru.
  1780 | D:4      | Noticed Sigmund
  1802 | D:4      | Killed Sigmund
  1802 | D:4      | Reached skill level 6 in Long Blades
  1802 | D:4      | Gained mutation: You regenerate health from kills. [demonic ancestry]
  1802 | D:4      | Reached XP level 5. HP: 21/41 MP: 5/5
  1802 | D:4      | Reached XP level 6. HP: 24/47 MP: 6/6
  2118 | D:4      | Found a staircase to the Ecumenical Temple.
  2326 | D:4      | Got a polished dagger {pierce}
  2369 | D:4      | Found a snail-covered altar of Cheibriados.
  2408 | D:4      | Identified the +6 dagger of Guile {pierce, +Fly} (You took it off an orc on level 4 of the Dungeon)
  2424 | D:4      | Reached skill level 7 in Long Blades
  2599 | D:4      | Reached XP level 7. HP: 52/52 MP: 7/7
  2772 | D:4      | Found an ancient bone altar of Kikubaaqudgha.
  2786 | D:4      | Found a shimmering altar of Xom.
  2836 | D:5      | Entered Level 5 of the Dungeon
  2858 | D:5      | Found a blossoming altar of Fedhas.
  2897 | D:5      | Found Ziez's General Store.
  2905 | D:5      | Bought a scroll of magic mapping for 38 gold pieces
  2905 | D:5      | Bought a scroll of identify for 22 gold pieces
  2905 | D:5      | Bought a scroll of blinking for 82 gold pieces
  2905 | D:5      | Bought a potion of lignification for 33 gold pieces
  2905 | D:5      | Bought a scroll of remove curse for 33 gold pieces
  2933 | D:5      | Reached skill level 8 in Long Blades
  2998 | D:5      | Reached *** piety under Trog
  3480 | D:5      | Gained mutation: You are partially covered in sharp spines. [demonic ancestry]
  3480 | D:5      | Reached XP level 8. HP: 55/58 MP: 8/8
  3539 | D:5      | Found the +10 zealot's sword {holy, *Rage rN+ EV+3}
  3934 | D:6      | Found Iqaix's Assorted Antiques.
  3944 | D:6      | Bought a coppery potion for 23 gold pieces
  3944 | D:6      | Bought a scroll labeled XAUKYE HULIROL for 26 gold pieces
  4067 | D:6      | Reached skill level 9 in Long Blades
  4185 | D:6      | Noticed a hippogriff
  4192 | D:6      | Killed a hippogriff
  4229 | D:6      | Found a hazy altar of Hepliaklqana.
  4283 | D:6      | Found a shadowy altar of Dithmenos.
  4817 | D:7      | Reached XP level 9. HP: 67/67 MP: 9/9
  4827 | D:7      | Reached skill level 5 in Fighting
  5570 | D:7      | Found a stormy altar of Qazlal.
  5570 | D:7      | Found a hide-covered altar of Uskayaw.
  5571 | D:7      | Found a shattered altar of Ashenzari.
  5839 | D:8      | Reached skill level 5 in Dodging
  5854 | D:8      | Reached skill level 5 in Armour
  5880 | D:8      | Paralysed by fainting for 10 turns
  5883 | D:8      | Reached **** piety under Trog
  6023 | D:8      | Noticed a two-headed ogre
  6027 | D:8      | Found a basalt altar of Yredelemnul.
  6036 | D:7      | Reached skill level 10 in Long Blades
  6114 | D:8      | Killed a two-headed ogre
  6114 | D:8      | Gained mutation: You are mostly covered in sharp spines. [demonic ancestry]
  6114 | D:8      | Reached XP level 10. HP: 57/77 MP: 10/10
  6354 | D:8      | Noticed a two-headed ogre
  6362 | D:8      | Killed a two-headed ogre
  6418 | D:8      | Found a glowing golden altar of the Shining One.
  6460 | D:8      | Found a staircase to the Lair.
  6788 | D:9      | Noticed a two-headed ogre
  6800 | D:9      | Killed a two-headed ogre
  6800 | D:9      | Reached skill level 1 in Stealth
  7180 | D:9      | Noticed a two-headed ogre
  7194 | D:9      | Killed a two-headed ogre
  7576 | D:9      | Reached XP level 11. HP: 83/85 MP: 11/11
  7928 | D:10     | Entered Level 10 of the Dungeon
  8149 | D:10     | Reached skill level 11 in Long Blades
  8386 | D:10     | Killed an unseen horror
  8437 | D:10     | Noticed a two-headed ogre
  8447 | D:10     | Killed a two-headed ogre
  8753 | D:11     | Found an iron altar of Okawaru.
  8822 | D:11     | Reached ***** piety under Trog
  8971 | D:10     | Reached skill level 1 in Evocations
  9186 | D:11     | Found a staircase to the Orcish Mines.
  9459 | D:11     | Noticed a cyan ugly thing
  9472 | D:11     | Killed a cyan ugly thing
  9582 | D:11     | Noticed a deep elf mage
  9583 | D:11     | Noticed a soul eater
  9616 | D:11     | Killed a deep elf mage
  9880 | D:11     | Noticed a white ugly thing
  9891 | D:11     | Killed a white ugly thing
 10092 | D:12     | Noticed a green ugly thing
 10105 | D:12     | Killed a green ugly thing
 10169 | D:12     | Found a labyrinth entrance.
 10175 | Lab      | Entered a labyrinth
 10347 | Lab      | Received a gift from Trog
 10415 | Lab      | Noticed a minotaur
 10430 | Lab      | Killed a minotaur
 10430 | Lab      | Reached skill level 12 in Long Blades
 10430 | Lab      | Reached XP level 12. HP: 62/93 MP: 14/14
 11354 | D:12     | Noticed an ettin
 11362 | D:12     | Killed an ettin
 11834 | Lair:1   | Entered Level 1 of the Lair of Beasts
 11850 | Lair:1   | Found a sparkling altar of Nemelex Xobeh.
 11941 | Lair:1   | Noticed Harold
 11948 | Lair:1   | Reached skill level 13 in Long Blades
 11959 | Lair:1   | Killed Harold
 12194 | Lair:1   | Noticed Erica
 12212 | Lair:1   | Killed Erica
 12220 | Lair:1   | Reached skill level 14 in Long Blades
 12301 | Lair:1   | Noticed Fannar
 12315 | Lair:1   | Killed Fannar
 12480 | Lair:1   | Noticed a four-headed hydra
 12487 | Lair:1   | Killed a one-headed hydra
 13033 | Lair:2   | Noticed Urug
 13042 | Lair:2   | Killed Urug
 13043 | Lair:2   | Found a transporter.
 13131 | Lair:2   | Found a staircase to the Snake Pit.
 13142 | Lair:2   | Gained mutation: Your movements are slightly less encumbered by armour. (ER -2) [demonic ancestry]
 13142 | Lair:2   | Reached XP level 13. HP: 98/98 MP: 15/15
 13193 | Lair:2   | Found a transporter.
 13482 | Lair:2   | Reached skill level 15 in Long Blades
 13615 | Lair:2   | Noticed Nergalle
 13637 | Lair:2   | Killed Nergalle
 14347 | Lair:3   | Found the ring of the Mage {Wiz MR++ Int+3}
 14373 | Lair:3   | Reached skill level 16 in Long Blades
 14696 | Lair:3   | Found a staircase to the Swamp.
 16119 | Lair:5   | Reached skill level 17 in Long Blades
 16126 | Lair:5   | Received a gift from Trog
 16251 | Lair:5   | Noticed Nessos
 16267 | Lair:5   | Killed Nessos
 16267 | Lair:5   | Reached skill level 1 in Crossbows
 16267 | Lair:5   | Reached XP level 14. HP: 105/105 MP: 16/16
 16291 | Lair:5   | Got a slimy halberd
 17029 | Lair:6   | Entered Level 6 of the Lair of Beasts
 17061 | Lair:6   | Found a staircase to the Slime Pits.
 17236 | Lair:6   | Identified the Grimoire of Transmigration and Attacks
 18427 | D:13     | Reached skill level 18 in Long Blades
 18510 | D:13     | Found a frozen archway.
 18532 | IceCv    | Entered an ice cave
 18714 | IceCv    | Killed a reaper
 18781 | IceCv    | Received a gift from Trog
 19589 | D:13     | Found a large runed door.
 19589 | D:13     | Found a large runed door.
 20292 | D:13     | Received a gift from Trog
 20384 | D:14     | Reached skill level 5 in Stealth
 20502 | D:14     | Found Lidin's Jewellery Shoppe.
 20505 | D:14     | Bought a +4 ring of strength for 432 gold pieces
 20537 | D:14     | Gained mutation: You have a pair of small antennae on your head. [demonic ancestry]
 20537 | D:14     | Reached XP level 15. HP: 80/111 MP: 17/17
 21125 | D:14     | Found a gate to the Vaults.
 21782 | D:15     | Entered Level 15 of the Dungeon
 21891 | D:15     | Got an ichor-stained halberd
 21909 | D:15     | Reached skill level 19 in Long Blades
 21928 | D:15     | Noticed Rupert
 21939 | D:15     | Killed Rupert
 22343 | D:15     | Found Lideatamp's Food Emporium.
 22406 | D:15     | Received a gift from Trog
 22443 | D:15     | Found a staircase to the Depths.
 22801 | Orc:1    | Entered Level 1 of the Orcish Mines
 22808 | Orc:1    | Received a gift from Trog
 22991 | Orc:2    | Entered Level 2 of the Orcish Mines
 23061 | Orc:2    | Found Vineq's Distillery.
 23063 | Orc:2    | Found Zuxuet's Food Shoppe.
 23149 | Orc:2    | Reached ****** piety under Trog
 23183 | Orc:2    | Received a gift from Trog
 23438 | Orc:2    | Found Gafatsurph's Antique Armour Shop.
 23438 | Orc:2    | Found a one-way gate leading to the halls of Pandemonium.
 23438 | Orc:2    | Found Zastrai's Gadget Boutique.
 23587 | Orc:2    | Found Wiahaeqi's Armour Shop.
 23775 | Orc:2    | Found a staircase to the Elven Halls.
 23930 | Orc:2    | Found a runed door.
 23937 | Orc:2    | Found the +10 large shield of Ignorance {rN+ Int-4}
 23940 | Orc:2    | Found a runed door.
 23951 | Orc:2    | Reached skill level 10 in Fighting
 23993 | Orc:2    | Lost intelligence.
 24682 | Swamp:1  | Entered Level 1 of the Swamp
 24981 | Swamp:1  | Gained mutation: You are completely covered in sharp spines. [demonic ancestry]
 24981 | Swamp:1  | Reached XP level 16. HP: 98/122 MP: 18/18
 25366 | Swamp:1  | Received a gift from Trog
 25982 | Swamp:2  | Noticed Louise
 25994 | Swamp:2  | Killed Louise
 26050 | Swamp:2  | Noticed a thorn hunter
 26068 | Swamp:2  | Killed a thorn hunter
 26137 | Swamp:2  | Noticed a thorn hunter
 26162 | Swamp:2  | Killed a thorn hunter
 26614 | Swamp:2  | Noticed a thorn hunter
 26624 | Swamp:2  | Killed a thorn hunter
 26799 | Swamp:2  | Noticed Roxanne
 27767 | Swamp:3  | Noticed a thorn hunter
 27786 | Swamp:3  | Slain by a thorn hunter

Vault maps used:
D:1:      minmay_arrival_widening_spiral_wide
D:2:      nicolae_overflow_hidden_temple, lemuel_doored_altar, first_bread,
          guppyfry_early_orc_mine, uniq_terence
D:3:      nicolae_ru_the_path_less_chosen, serial_curves, eino_curves_04,
          eino_curves_01, kennysheep_pointless_box, kennysheep_generic_room_10
D:4:      minmay_overflow_temple_star_quad, minmay_temple_entry_trees,
          uniq_sigmund
D:5:      kennysheep_mini_moat, serial_shops, shop
D:6:      nicolae_dithmenos_shadow_blocks, kennysheep_mini, serial_shops,
          nicolae_shop_waterfront
D:7:      minitemple, the_bakery
D:8:      yredelemnul_altar_generic, grunt_lair_entry_orc_guard_hut, basic_altar
D:11:     orc_0_dummy, chequers_big_river, abandoned_shop, okawaru_humans
D:12:     kennysheep_scales, lab_entry_generic, eino_house_with_fridge
D:13:     portal_ice_cave_entry_imps, lightli_elemental_guards
D:14:     grunt_vaults_entry_tiered, grunt_decor_arrowhead, serial_shops,
          shop_statue
D:15:     gammafunk_enter_depths_forms, minmay_strange_pillars, serial_shops,
          nicolae_shop_behind_doors, uniq_rupert
Lair:1:   basic_altar, uniq_erica, uniq_fannar, uniq_harold
Lair:2:   gammafunk_cloud_chamber, guppyfry_snake_entry_island, uniq_nergalle,
          uniq_urug
Lair:3:   minmay_swamp_entry_swarm, beast_lair_carwin_7
Lair:4:   grunt_megastairs_2, serial_bayou_shore_a
Lair:5:   serial_bayou_pond_d, minivault_24, lemuel_fruit_fields,
          infiniplex_staircase_pool, uniq_nessos
Lair:6:   grunt_lair_end_beastmaster, nicolae_slime_entry_slimehenge
Swamp:1:  evilmike_swamp_ruin_house_4
Swamp:2:  nicolae_swamp_phyte_club, hangedman_swamp_ruin_hall, uniq_louise,
          uniq_roxanne
Swamp:3:  infiniplex_staircase_pool_2, uniq_aizul
Orc:1:    nicolae_orc_accident_2, uniq_josephine
Orc:2:    pf_orc_diabolical, serial_shops, nicolae_shop_statue_plus,
          chequers_guarded_unrand_ignorance
Lab:      labyrinth_mini_lab, nicolae_lab_grate_2, nicolae_lab_statue,
          nicolae_lab_diamond, labyrinth_lava_lair, lab_statue,
          labyrinth_skeletal_remains, nicolae_lab_plus, nicolae_lab_x,
          nicolae_lab_quarters, nicolae_lab_blocks
IceCv:    ice_cave_small_demon

Skill      XL: |  1  2  3  4  5  6  7  8  9 10 11 12 13 14 15 16 |
---------------+-------------------------------------------------+-----
Long Blades    | 3 4 6 7 8 9 10 12 14 17 18 19 | 19.9
Dodging        | 2 4 5 6 7 9 |  9.7
Armour         | 2 3 5 6 7 9 |  9.7
Fighting       | 4 6 7 8 10 | 10.8
Stealth        | 2 4 5 7 8 |  8.2
Evocations     | 2 |  2.7
Crossbows      | 1 3 |  3.5

Action                   |  1- 3 |  4- 6 |  7- 9 | 10-12 | 13-15 | 16-18 || total
-------------------------+-------+-------+-------+-------+-------+-------++-------
Melee: Falchion          |    81 |    21 |       |       |       |       ||   102
       Dagger            |       |   126 |   307 |   474 |       |       ||   907
       Rapier            |       |       |       |   168 |    17 |       ||   185
       Scimitar          |       |       |       |    45 |   247 |       ||   292
       Triple sword      |       |       |       |    21 |   743 |   230 ||   994
Invok: Berserk           |     5 |     5 |     7 |    22 |    17 |     4 ||    60
       Trog's Hand       |       |     2 |     4 |    14 |    21 |     1 ||    42
       Brothers in Arms  |       |       |       |     2 |     3 |       ||     5
  Use: Potion            |       |     3 |     1 |       |     2 |       ||     6
       Scroll            |       |       |     7 |    21 |    10 |     1 ||    39
 Stab: Sleeping          |       |       |       |       |     7 |       ||     7
       Invisible         |       |       |       |       |     8 |       ||     8
       Distracted        |       |       |       |       |     1 |     1 ||     2
  Eat: Chunk             |     4 |    11 |    15 |    34 |    50 |     7 ||   121
       Royal jelly       |       |       |     3 |     5 |     6 |     3 ||    17
       Meat ration       |       |       |       |     2 |     1 |       ||     3
       Bread ration      |       |       |       |     1 |       |       ||     1
Armor: Scale mail        |    46 |    21 |       |       |   163 |    19 ||   249
       Animal skin       |     1 |       |       |       |       |       ||     1
       Chain mail        |       |    39 |   125 |   231 |   191 |       ||   586
       Swamp dragon scal |       |       |       |       |       |    54 ||    54
Dodge: Dodged            |    49 |    72 |    82 |   264 |   696 |   186 ||  1349
       Rpst.: Falchion   |    12 |     8 |       |       |       |       ||    20
       Scimitar          |       |       |       |     3 |    34 |       ||    37
       Triple sword      |       |       |       |     1 |   140 |    43 ||   184

Table legend:
 A = Spawn XP
 B = Non-spawn XP
 C = Spawn XP percentage of total XP
 D = Spawn monster count
 E = Non-spawn monster count
 F = Spawn count percentage of total count
 G = Total turns spent on level
                    A         B        C        D         E        F      G
               +---------+---------+-------+---------+---------+-------+---------
         Total |       0 |  193925 |   0.0 |       0 |     879 |   0.0 | 27786
               +---------+---------+-------+---------+---------+-------+---------
           D:1 |       0 |      21 |   0.0 |       0 |      10 |   0.0 |   455
           D:2 |       0 |     100 |   0.0 |       0 |      24 |   0.0 |   662
           D:3 |       0 |      35 |   0.0 |       0 |      16 |   0.0 |   663
           D:4 |       0 |     769 |   0.0 |       0 |      24 |   0.0 |  1056
           D:5 |       0 |     679 |   0.0 |       0 |      18 |   0.0 |  1079
           D:6 |       0 |    1153 |   0.0 |       0 |      22 |   0.0 |   839
           D:7 |       0 |    1137 |   0.0 |       0 |      13 |   0.0 |   896
           D:8 |       0 |    3610 |   0.0 |       0 |      23 |   0.0 |  1159
           D:9 |       0 |    3858 |   0.0 |       0 |      36 |   0.0 |  1256
          D:10 |       0 |    3448 |   0.0 |       0 |      24 |   0.0 |  1092
          D:11 |       0 |    5594 |   0.0 |       0 |      44 |   0.0 |  1250
          D:12 |       0 |    5082 |   0.0 |       0 |      32 |   0.0 |  1431
          D:13 |       0 |   10410 |   0.0 |       0 |      66 |   0.0 |  1035
          D:14 |       0 |   17149 |   0.0 |       0 |      54 |   0.0 |  1428
          D:15 |       0 |   14533 |   0.0 |       0 |      45 |   0.0 |   921
        Lair:1 |       0 |    9220 |   0.0 |       0 |      32 |   0.0 |  1197
        Lair:2 |       0 |    6461 |   0.0 |       0 |      21 |   0.0 |  1143
        Lair:3 |       0 |   12729 |   0.0 |       0 |      44 |   0.0 |   920
        Lair:4 |       0 |    5661 |   0.0 |       0 |      18 |   0.0 |  1120
        Lair:5 |       0 |   10288 |   0.0 |       0 |      28 |   0.0 |   973
        Lair:6 |       0 |   10927 |   0.0 |       0 |      34 |   0.0 |  1121
       Swamp:1 |       0 |   10577 |   0.0 |       0 |      28 |   0.0 |  1079
       Swamp:2 |       0 |   20512 |   0.0 |       0 |      42 |   0.0 |  1611
       Swamp:3 |       0 |   11859 |   0.0 |       0 |      34 |   0.0 |   414
         Orc:1 |       0 |    1007 |   0.0 |       0 |      23 |   0.0 |   200
         Orc:2 |       0 |   20648 |   0.0 |       0 |      93 |   0.0 |  1548
           Lab |       0 |    1833 |   0.0 |       0 |       5 |   0.0 |   307
         IceCv |       0 |    4625 |   0.0 |       0 |      26 |   0.0 |   931
               +---------+---------+-------+---------+---------+-------+---------
